 Dungeon Crawl Stone Soup version 0.22-a0-456-g11ed031617 (webtiles) character file.

80 Kaname the Conjurer (level 4, 14/30 HPs)
             Began as a Demonspawn Wizard on June 6, 2018.
             Quit the game on level 2 of the Dungeon.
             The game lasted 00:03:35 (1447 turns).

Kaname the Conjurer (Demonspawn Wizard)             Turns: 1447, Time: 00:03:35

Health: 14/30      AC:  2    Str:  7    XL:     4   Next: 18%
Magic:  0/8        EV: 12    Int: 20    God:
Gold:   73         SH:  4    Dex: 12    Spells: 3/9 levels left

rFire    . . .     SeeInvis .   c - +0 short sword
rCold    . . .     Gourm    .   (no shield)
rNeg     . . .     Faith    .   a - +0 robe
rPois    .         Spirit   .   b - +0 hat
rElec    .         Reflect  .   (no cloak)
rCorr    .         Harm     .   (no gloves)
MR       .....                  (no boots)
Stlth    ++........             (no amulet)
HPRegen  0.10/turn              (no ring)
MPRegen  0.11/turn              (no ring)

@: slowed, very slow
A: claws 1, large bone plates 1
a: no special abilities


You were on level 2 of the Dungeon.
You were hungry.

You visited 1 branch of the dungeon, and saw 2 of its levels.

You collected 73 gold pieces.

Inventory:

Hand Weapons
 c - a +0 short sword (weapon)
Missiles
 k - 13 sling bullets
Armour
 a - a +0 robe (worn)
 b - a +0 hat (worn)
Scrolls
 f - a scroll of fog {unknown}
 g - a scroll of identify {unknown}
 i - 2 scrolls of teleportation {unknown}
 j - a scroll of noise {unknown}
Potions
 e - a potion of haste {unknown}
 h - a potion of flight {unknown}
 l - 2 potions of curing {unknown}
 m - a potion of mutation {unknown}
Comestibles
 d - 3 rations


   Skills:
 - Level 1.7 Dodging
 - Level 1.7 Stealth
 - Level 3.0 Spellcasting
 + Level 3.8 Conjurations
   Level 1.0 Summonings
 - Level 1.0 Translocations
 - Level 0.9 Poison Magic


You had 3 spell levels left.
You knew the following spells:

 Your Spells              Type           Power        Failure   Level  Hunger
a - Magic Dart            Conj           ###.         3%          1    None
b - Blink                 Tloc           N/A          14%         2    ##.....
c - Mephitic Cloud        Conj/Pois/Air  #.......     22%         3    ###....

Your spell library contained the following spells:

 Spells                   Type           Power        Failure   Level  Hunger
 Conjure Flame            Conj/Fire      ##......     19%         3    ###....
 Slow                     Hex            #.......     22%         2    ##.....
 Call Imp                 Summ           #.......     14%         2    ##.....


Dungeon Overview and Level Annotations

Branches:
Dungeon (2/15)

Altars:

Annotations:
D:2 Sigmund


Innate Abilities, Weirdness & Mutations

You have sharp fingernails.
You are partially covered in large bone plates. (SH +4)


Message History

Jessica gestures at you while chanting. Pain shoots through your body!
You completely miss Jessica.
Jessica is severely wounded.
Jessica casts a spell at you. You resist with some effort.
Jessica hits you with a club.
Casting: Magic Dart (safe; 3% risk of failure)
Confirm with . or Enter, or press ? or * to list all spells.
Aiming: Magic Dart (safe; 3% risk of failure)
Press: ? - help, Shift-Dir - straight line, f/p - Jessica
Aim: Jessica, wielding a club and wearing a robe (severely wounded)
The magic dart hits Jessica.
You kill Jessica!
You have reached level 4!
You feel agile.
Your demonic ancestry asserts itself...
Large bone plates grow over parts of your arms.
l - 2 blue potions (gained 1)
Things that are here:
a club; a robe Are you sure you want to abandon this character and quit the game? (Confirm with "yes".)

.............#...
...รท.#####.#....#
.....# #. #..# .....#
#.###..## #...##
#.......# .. ##.##
##....#.###....
...#######.###..........
...........# #.#.####.#
########...# #.#@# #
#.##......# .
#.###..#### # #.##...#
#.##.#.# #....... #.. .#
##.


There were no monsters in sight!

Vanquished Creatures
  Jessica (D:2)
  2 adders (D:2)
  A dart slug (D:1)
  6 bats
  3 giant cockroaches
  5 goblins
  3 hobgoblins
  2 jackals (D:2)
  4 kobolds
  5 frilled lizards
  2 rats (D:1)
34 creatures vanquished.

Notes
Turn   | Place    | Note
-------+----------+-------------------------------------------
     0 | D:1      | Kaname the Demonspawn Wizard began the quest for the Orb.
     0 | D:1      | Reached XP level 1. HP: 13/13 MP: 4/4
   468 | D:1      | Gained mutation: You have sharp fingernails. [demonic ancestry]
   468 | D:1      | Reached XP level 2. HP: 19/19 MP: 1/6
   989 | D:2      | Reached XP level 3. HP: 24/24 MP: 3/7
   993 | D:2      | Learned a level 2 spell: Blink
   997 | D:2      | Learned a level 3 spell: Mephitic Cloud
  1069 | D:2      | Reached skill level 1 in Translocations
  1079 | D:2      | Noticed Sigmund
  1434 | D:2      | Noticed Jessica
  1444 | D:2      | Killed Jessica
  1444 | D:2      | Gained mutation: You are partially covered in large bone plates. (SH +4) [demonic ancestry]
  1444 | D:2      | Reached XP level 4. HP: 13/30 MP: 0/8
  1447 | D:2      | Quit the game

Vault maps used:
D:1:      evilmike_arrival_home_sweet_home, minmay_tetromino_t4
D:2:      uniq_sigmund, uniq_jessica

Skill      XL: |  1  2  3 |
---------------+----------+-----
Conjurations   | 2 3 |  3.8
Translocations | 1 |  1.0
Dodging        | |  1.7
Stealth        | |  1.7
Spellcasting   | |  3.0
Summonings     | |  1.0
Poison Magic   | |  0.9

Action                   |  1- 3 |  4- 6 || total
-------------------------+-------+-------++-------
Melee: Unarmed           |     5 |       ||     5
       Short sword       |    27 |       ||    27
 Cast: Magic Dart        |    69 |     1 ||    70
  Eat: Chunk             |     1 |       ||     1
Armor: Robe              |     3 |       ||     3
Dodge: Dodged            |    23 |       ||    23

Table legend:
 A = Spawn XP
 B = Non-spawn XP
 C = Spawn XP percentage of total XP
 D = Spawn monster count
 E = Non-spawn monster count
 F = Spawn count percentage of total count
 G = Total turns spent on level
                    A         B        C        D         E        F      G
               +---------+---------+-------+---------+---------+-------+---------
         Total |       0 |     115 |   0.0 |       0 |      34 |   0.0 |  1447
               +---------+---------+-------+---------+---------+-------+---------
           D:1 |       0 |      30 |   0.0 |       0 |      18 |   0.0 |   986
           D:2 |       0 |      85 |   0.0 |       0 |      16 |   0.0 |   461
               +---------+---------+-------+---------+---------+-------+---------
